 Dungeon Crawl Stone Soup version 0.27.1-3-gb3d3a73c9e (webtiles) character file.

Game seed: 1181566916757175352

133 belegose the Skirmisher (level 4, 0/37 HPs)
             Began as a Mummy Abyssal Knight on Oct 29, 2021.
             Was a Believer of Lugonu.
             Slain by a bullfrog skeleton (4 damage)
             ... on level 5 of the Dungeon.
             The game lasted 00:07:49 (4489 turns).

belegose the Skirmisher (Mummy Abyssal Knight)      Turns: 4489, Time: 00:07:50

Health: 0/37       AC:  7    Str: 15    XL:     4   Next: 94%
Magic:  5/5        EV: 10    Int: 12    God:    Lugonu [**....]
Gold:   175        SH:  0    Dex: 11    Spells: 3/3 levels left

rFire    x . .     SeeInvis .   a - +1 mace
rCold    + . .     Faith    .   (no shield)
rNeg     + + +     Spirit   .   g - +0 ring mail
rPois    ∞         Reflect  .   n - +1 helmet
rElec    .         Harm     .   (no cloak)
rCorr    .         Rampage  .   (no gloves)
Will     .....                  (no boots)
Stlth    +.........             (no amulet)
HPRegen  0.12/turn              l - ring of wizardry
MPRegen  0.09/turn              (no ring)

@: no status effects
A: cold resistance 1, negative energy resistance 3, torment resistance 2, heat
vulnerability 1, no potions
a: Renounce Religion, Depart the Abyss, Bend Space


You were on level 5 of the Dungeon.
You worshipped Lugonu.
Lugonu was pleased with you.
You visited 1 branch of the dungeon, and saw 5 of its levels.
You visited the Abyss 1 time.

You collected 175 gold pieces.

Inventory:

Hand Weapons
 a - a +1 mace (weapon)
 c - a +0 rapier
Missiles
 d - 23 poisoned darts (quivered)
 e - 109 stones
 k - 2 throwing nets
Armour
 g - a +0 ring mail (worn)
 n - a +1 helmet (worn)
Jewellery
 l - a ring of wizardry (left hand)
Scrolls
 f - a scroll of identify
 h - 2 scrolls of fog
 i - a scroll of enchant weapon {unknown}
 j - a scroll of immolation {unknown}
 m - a scroll of noise {unknown}
 o - a scroll of acquirement {unknown}
 p - a scroll of blinking {unknown}
 q - a scroll of holy word {unknown}


   Skills:
 + Level 3.8 Fighting
 + Level 2.5 Maces & Flails
 + Level 1.4 Throwing
 + Level 1.6 Armour
 - Level 0.7 Dodging
 + Level 2.6 Invocations


You had 3 spell levels left.
You didn't know any spells.
Your spell library contained the following spells:

 Spells                   Type           Power      Damage    Failure   Level
 Ozocubu's Armour         Ice            0%         N/A       56%         3
 Ozocubu's Refrigeration  Ice            0%         4d5       100%        7


Dungeon Overview and Level Annotations

Branches:
Dungeon (5/15)
 Temple: D:4-7

Altars:

Annotations:
D:4 Dowan, Duvessa, Grinder


Innate Abilities, Weirdness & Mutations

You are immune to poison.
Your flesh is cold resistant. (rC+)
You are immune to negative energy. (rN+++)
You are immune to unholy pain and torment.
You are vulnerable to heat. (rF-)
You do not drink.


Message History

Unknown command.
You closely miss Grinder.
Grinder is moderately wounded.
Grinder blinks!
You climb downwards.
The bullfrog skeleton hits you but does no damage.
The bullfrog skeleton closely misses you.
There is a stone staircase leading up here.
You barely miss the bullfrog skeleton. The bullfrog skeleton hits you.
The bullfrog skeleton closely misses you.
You barely miss the bullfrog skeleton.
The bullfrog skeleton completely misses you.
You hit the bullfrog skeleton.
The bullfrog skeleton is lightly damaged.
The bullfrog skeleton closely misses you.
The bullfrog skeleton hits you.
You hit the bullfrog skeleton.
The bullfrog skeleton is lightly damaged.
The bullfrog skeleton hits you.
* * * LOW HITPOINT WARNING * * *
The bullfrog skeleton hits you.
* * * LOW HITPOINT WARNING * * *
You hit the bullfrog skeleton.
The bullfrog skeleton is moderately damaged.
The bullfrog skeleton hits you.
* * * LOW HITPOINT WARNING * * *
The bullfrog skeleton hits you.
* * * LOW HITPOINT WARNING * * *
Unknown command.
You sock the bullfrog skeleton!
The bullfrog skeleton is heavily damaged.
The bullfrog skeleton closely misses you.
You sock the bullfrog skeleton!
The bullfrog skeleton is severely damaged.
The bullfrog skeleton hits you but does no damage.
The bullfrog skeleton closely misses you.
You hit the bullfrog skeleton.
The bullfrog skeleton is almost destroyed.
The bullfrog skeleton hits you.
You die...

#######
#.....#
#.....#
#.....#
#@....#
......Z.....#
..........###
#.#..####.#
#.. .# ... ..
..# .# .. ..


You could see a bullfrog skeleton.

Vanquished Creatures
  A hound (D:3)
  4 adders
  An adder skeleton (D:4)
  A worm (D:2)
  5 bats
  2 endoplasms
  4 giant cockroaches
  4 goblins
  7 hobgoblins
  6 jackals
  9 kobolds
  3 quokkas
  6 ball pythons
  3 frilled lizards
  6 rats
62 creatures vanquished.

Notes
Turn   | Place    | Note
-------+----------+-------------------------------------------
     0 | Abyss:1  | belegose the Mummy Abyssal Knight began the quest for the
                  | Orb.
     0 | Abyss:1  | Reached XP level 1. HP: 18/18 MP: 2/2
    65 | Abyss:1  | Noticed a large abomination
   103 | Abyss:1  | Noticed a starcursed mass
   106 | D:1      | Escaped the Abyss
   444 | D:1      | Reached * piety under Lugonu
   446 | D:1      | Reached XP level 2. HP: 21/24 MP: 3/3
   570 | D:1      | Found a faded altar of an unknown god.
  1575 | D:2      | Reached XP level 3. HP: 15/29 MP: 4/4
  2664 | D:3      | Reached skill level 1 in Throwing
  3190 | D:3      | Reached XP level 4. HP: 34/36 MP: 5/5
  3618 | D:4      | Noticed a phantom
  4130 | D:4      | Reached ** piety under Lugonu
  4367 | D:4      | Noticed Duvessa
  4373 | D:4      | Noticed Dowan
  4453 | D:5      | Entered Level 5 of the Dungeon
  4453 | D:5      | Noticed Grinder
  4489 | D:5      | Slain by a bullfrog skeleton

Illustrated notes

Levels and vault maps discovered:
D:1:      amcnicky_arrival_blooded_trapdoor, layout_basic,
          shapermc_ecumenical_altar_pompeii
D:2:      layout_loops_cross, hex_medium
D:3:      layout_loops_corners, kennysheep_generic_room_10
D:4:      layout_loops_ring, minmay_statues_item, uniq_duvessa,
          uniq_crazy_yiuf_cottage, uniq_pikel
D:5:      layout_loops_cross, minmay_temple_entry_statues_fountains,
          uniq_grinder

Skill      XL: |  1  2  3 |
---------------+----------+-----
Invocations    | 2 |  2.6
Maces & Flails | 2 |  2.5
Throwing       | 1 |  1.4
Fighting       | |  3.8
Armour         | |  1.6
Dodging        | |  0.7

Action                   |  1- 3 |  4- 6 || total
-------------------------+-------+-------++-------
Melee: Mace              |   134 |    79 ||   213
Throw: Dart              |       |     3 ||     3
Invok: Depart the Abyss  |     1 |       ||     1
  Use: Scroll            |       |     2 ||     2
Armor: Leather armour    |    46 |    32 ||    78
       Ring mail         |       |     7 ||     7
Dodge: Dodged            |   102 |    59 ||   161
